 Dungeon Crawl Stone Soup version 0.19-a0-816-geccf914 (webtiles) character file.

606 Arkorax the Skirmisher (level 7, -8/44 HPs)
             Began as a Gargoyle Gladiator on June 29, 2016.
             Killed from afar by Dowan (22 damage)
             ... with a shard of ice
             ... on level 5 of the Dungeon.
             The game lasted 00:04:46 (3116 turns).

Arkorax the Skirmisher (Gargoyle Gladiator)         Turns: 3116, Time: 00:04:46

Health: -8/44      AC: 16    Str: 20    XL:     7   Next: 42%
Magic:  7/7        EV:  9    Int:  8    God:
Gold:   218        SH:  0    Dex: 16    Spells: 0 memorised, 6 levels left

rFire  . . .     SeeInvis .     h - +4 quarterstaff (chaos)
rCold  . . .     Gourm    .     t - +0 chain mail
rNeg   + . .     Faith    .     (shield currently unavailable)
rPois  ∞         Spirit   .     c - +0 helmet
rElec  +         Dismiss  .     o - +0 cloak
rCorr  .         Reflect  .     (no gloves)
SustAt .         Harm     .     (no boots)
MR     .....                    (no amulet)
Stlth  ..........               (no ring)
                                k - +5 ring of dexterity

@: not resistant to hostile enchantments, extremely unstealthy
A: negative energy resistance 1, electricity resistance, unbreathing,
petrification resistance, rot immunity, AC +4
a: no special abilities


You were on level 5 of the Dungeon.
You were not hungry.

You visited 1 branch of the dungeon, and saw 5 of its levels.

You collected 218 gold pieces.

Inventory:

Hand Weapons
 a - a +0 flail
 h - a +4 quarterstaff of chaos (weapon)
Missiles
 d - 2 throwing nets (quivered)
Armour
 c - a +0 helmet (worn)
 n - a +0 ring mail
 o - a +0 cloak (worn)
 t - a +0 chain mail (worn)
Jewellery
 k - a +5 ring of dexterity (left hand)
 u - an uncursed ring of magical power {unknown}
Scrolls
 e - 7 scrolls of identify {unknown}
 f - 2 scrolls of remove curse {unknown}
 i - 3 scrolls of teleportation {unknown}
 l - 3 scrolls of immolation {unknown}
 m - a scroll of blinking {unknown}
 p - a scroll of magic mapping {unknown}
 q - 2 scrolls of amnesia {unknown}
 r - 2 scrolls of fear {unknown}
 v - a scroll of enchant weapon {unknown}
 x - a scroll of fog {unknown}
Potions
 b - a potion of mutation {unknown}
 g - a potion of degeneration {unknown}
 j - 2 potions of brilliance
 s - a potion of haste {unknown}
 w - a potion of might {unknown}
Books
 y - a book of Debilitation

   Spells                             Type                      Level
   a - Corona                         Hexes                        1
   b - Slow                           Hexes                        2
   c - Gell's Gravitas                Hexes/Translocation          3
   d - Inner Flame                    Hexes/Fire                   3
   e - Cause Fear                     Hexes                        4
   f - Leda's Liquefaction            Hexes/Earth                  4
Comestibles
 A - a bread ration


   Skills:
 * Level 5.5 Fighting
 - Level 4.3(5.0) Maces & Flails
 * Level 3.7(4.7) Staves
 - Level 1.7 Throwing
 + Level 3.5 Armour
 - Level 2.4 Dodging


You had 6 spell levels left.
You didn't know any spells.

Dungeon Overview and Level Annotations

Branches:
Dungeon (5/15)
 Temple: D:4-7

Altars:

Annotations:
D:5 Dowan


Innate Abilities, Weirdness & Mutations

You are resistant to torment.
Your stone body is resilient. (AC +4)
You are immune to poison.
You resist negative energy. (rN+)
You are resistant to electric shocks. (rElec)
You can survive without breathing.
You are immune to petrification.
You are immune to rotting.


Message History

Duvessa is almost dead.
Duvessa hits you but does no damage. Duvessa hits you with a short sword.
You hit Duvessa. You burn Duvessa.
You kill Duvessa!
Dowan screams, "No!
No!"
Dowan seems to find hidden reserves of power!
You barely miss Dowan.
Dowan is heavily wounded.
Dowan hits you but does no damage. Dowan gestures at you while chanting.
The shard of ice hits you!
Your chain mail prevents you from hitting Dowan.
Dowan is moderately wounded.
Dowan barely misses you.
You sock Dowan!
Motes of dust swirl around Dowan.
Dowan is almost dead.
Dowan points at you and mumbles some strange words.
The shard of ice hits you!
Ouch! That really hurt!
You die...

.../#
....
#...
#..
...
#5#
#e#
#@#
#.#
#.#
#.#
#.#
###


You could see Dowan and a shadow imp.

Vanquished Creatures
  Duvessa (D:5)
  A big kobold (D:4)
  A giant frog (D:4)
  A crimson imp (D:4)
  A hound (D:4)
  A giant frog skeleton (D:4)
  Crazy Yiuf (D:2)
  Natasha (D:3)
  A worker ant (D:4)
  A gnoll (D:1)
  6 adders
  3 worms
  2 giant geckos
  6 orcs (D:4)
  A ball python (D:2)
  4 giant cockroaches
  7 goblins
  12 hobgoblins
  7 jackals (D:2)
  5 quokkas
  11 bats
  A giant gecko skeleton (D:4)
  4 giant newts
  5 kobolds
  6 rats
90 creatures vanquished.

Vanquished Creatures (collateral kills)
  Natasha (twice) (D:3)
  An ooze (D:3)
  A rat (D:3)
4 creatures vanquished.

Grand Total: 94 creatures vanquished

Notes
Turn   | Place    | Note
--------------------------------------------------------------
     0 | D:1      | Arkorax the Gargoyle Gladiator began the quest for the Orb.
     0 | D:1      | Reached XP level 1. HP: 12/12 MP: 1/1
   123 | D:1      | Reached skill level 1 in Armour
   123 | D:1      | Reached XP level 2. HP: 18/18 MP: 2/2
   696 | D:2      | Reached XP level 3. HP: 21/22 MP: 3/3
   775 | D:2      | Reached skill level 3 in Fighting
   817 | D:2      | Found a runed door.
  1176 | D:2      | Reached XP level 4. HP: 14/28 MP: 4/4
  1823 | D:2      | Noticed Crazy Yiuf
  1831 | D:2      | Killed Crazy Yiuf
  1831 | D:2      | Reached XP level 5. HP: 33/33 MP: 5/5
  2057 | D:3      | Reached skill level 1 in Staves
  2180 | D:3      | Noticed Natasha
  2186 | D:3      | Killed Natasha
  2239 | D:3      | Noticed Natasha
  2246 | D:3      | Killed Natasha
  2246 | D:3      | Reached skill level 4 in Fighting
  2272 | D:3      | Noticed Natasha
  2282 | D:3      | Killed Natasha
  2282 | D:3      | Reached XP level 6. HP: 35/38 MP: 6/6
  2562 | D:4      | Reached skill level 5 in Fighting
  2562 | D:4      | Reached XP level 7. HP: 43/44 MP: 7/7
  3095 | D:5      | Entered Level 5 of the Dungeon
  3095 | D:5      | Noticed Duvessa
  3095 | D:5      | Noticed Dowan
  3113 | D:5      | Killed Duvessa
  3116 | D:5      | Killed from afar by Dowan

Vault maps used:
D:1:      erik_arrival_cave_to_civilisation
D:2:      serial_forest, infiniplex_forest_straight_5,
          infiniplex_forest_clump_long, infiniplex_forest_end_2,
          infiniplex_forest_corner_2, infiniplex_forest_clump_curved,
          infiniplex_forest_straight_4, infiniplex_forest_clump_small,
          infiniplex_forest_end_double, minmay_pentomino_v2,
          uniq_crazy_yiuf_cottage
D:3:      uniq_natasha
D:4:      first_bread, serial_bayou_pond_e
D:5:      kennysheep_little_box, minmay_ruined_shrine, uniq_duvessa

Skill      XL: |  1  2  3  4  5  6 |
---------------+-------------------+-----
Armour         | 1 2 3 |  3.5
Fighting       | 3 4 5 |  5.5
Maces & Flails | 4 |  4.3
Staves         | 2 3 |  3.7
Throwing       | |  1.7
Dodging        | |  2.4

Action                   |  1- 3 |  4- 6 |  7- 9 || total
-------------------------+-------+-------+-------++-------
Melee: Flail             |   131 |    56 |       ||   187
       Quarterstaff      |       |    71 |    40 ||   111
Throw: Throwing net      |       |     1 |       ||     1
  Use: Potion            |       |     2 |       ||     2
 Stab: Held in net/web   |       |     1 |       ||     1
       Distracted        |       |     1 |       ||     1
       Petrifying        |       |       |     1 ||     1
  Eat: Bread ration      |     1 |       |       ||     1
       Chunk             |       |     1 |     2 ||     3
Armor: Leather armour    |    70 |    40 |       ||   110
       Ring mail         |       |    41 |       ||    41
       Chain mail        |       |       |    21 ||    21
Dodge: Dodged            |   112 |   101 |    21 ||   234
